 Dungeon Crawl Stone Soup version 0.29.0-4-gdea44cf6ec (webtiles) character file.

Game seed: 4012869645566937478

4512 qw the Grappler (level 10, -6/96 HPs)
             Began as a Troll Cinder Acolyte on Aug 30, 2022.
             Was a Believer of Ignis.
             Mangled by a yak (12 damage)
             ... on level 9 of the Dungeon.
             The game lasted 00:03:46 (7151 turns).

qw the Grappler (Troll Cinder Acolyte)              Turns: 7151, Time: 00:03:46

Health: -6/96      AC: 14    Str: 28    XL:     10   Next: 16%
Magic:  10/10      EV:  9    Int: 10    God:    Ignis [**....]
Gold:   498        SH:  5    Dex:  5    Spells: 11/11 levels left

rFire   + . .      SeeInvis .     - Unarmed
rCold   + . .      Faith    .   (no shield)
rNeg    + . .      Spirit   .   c - +0 robe {rC+}
rPois   .          Reflect  +   (helmet restricted)
rElec   .          Harm     .   p - +2 cloak
rCorr   +          Rampage  .   (gloves unavailable)
Will    .....                   (boots unavailable)
Stlth   +.........              k - amulet of reflection
HPRegen 1.06/turn               i - ring of positive energy
MPRegen 0.12/turn               m - ring of resist corrosion

@: fiery-armoured
A: large, unfitting armour, claws 3, regeneration 1, shaggy fur 1, tough skin 1
a: Renounce Religion, Fiery Armour, Foxfire Swarm, Rising Flame


You were on level 9 of the Dungeon.
You worshipped Ignis.
Ignis was pleased with you.
You visited 1 branch of the dungeon, and saw 9 of its levels.

You collected 556 gold pieces.
You spent 58 gold pieces at shops.


Innate Abilities, Weirdness & Mutations

You are too large for most types of armour.
You have claws for hands.
Your natural rate of healing is unusually fast.
You are covered in fur. (AC +1)
You have tough skin. (AC +1)


   Skills:
 - Level 5.0 Fighting
 - Level 5.2 Throwing
 - Level 1.1 Dodging
 + Level 12.8 Unarmed Combat
 - Level 1.0 Spellcasting
 - Level 2.1 Fire Magic


You had 11 spell levels left.
You didn't know any spells.
Your spell library contained the following spells:

 Spells                   Type           Power      Damage    Failure   Level
 Scorch                   Fire           8%         2d5       22%         2

Inventory:

Missiles
 f - 7 javelins
 l - 13 boomerangs
 n - a large rock (quivered)
Armour
 c - a +0 robe of cold resistance (worn)
 p - a +2 cloak (worn)
 t - a +2 robe of positive energy
Jewellery
 i - a ring of positive energy (left claw)
 k - an amulet of reflection (around neck)
 m - a ring of resist corrosion (right claw)
Scrolls
 g - 2 scrolls of identify
 r - 2 scrolls of enchant armour
Potions
 b - 2 potions of cancellation
 d - 6 potions of curing
 e - a potion of resistance
 h - 2 potions of might
 q - 2 potions of haste

Dungeon Overview and Level Annotations

Branches:
Dungeon (9/15)             Temple (0/1) D:5
   Lair: D:8-11         Orc: D:9-12

Altars:
Fedhas
Gozag
Kikubaaqudgha
Nemelex Xobeh
Ru
Sif Muna
Trog
Wu Jian
Yredelemnul
The Shining One

Shops:
D:2 **?*=   D:3 [


Message History

The killer bee is moderately wounded.
Something hits you but does no damage.
Reactivating autopickup.
You feel a bit more experienced.
You mangle the killer bee!!
You kill the killer bee!
Your surroundings suddenly seem different. 3 yaks come into view.
Found 11 gold pieces.
You feel sick.
The yak bellows! x2
Throw: 2 large rocks
Press: ? - help, Q - select action, (/) - cycle Shift-Dir - straight line, f - yak You throw a large rock.
The large rock hits the yak!!
The yak is severely wounded.
You feel sick.
A yak comes into view.
You feel sick.
7148 ||| Stepping ~*~*~tactically~*~*~ (outnumbered).
The yak attacks as you move away! The yak gores you but does no damage.
The yak is burned by your cloak of flames.
The yak is severely wounded.
Found an escape hatch in the floor.
You feel sick.
7149 ||| Stepping ~*~*~tactically~*~*~ (outnumbered).
The yak attacks as you move away! The yak gores you.
The yak is burned by your cloak of flames.
The yak is almost dead.
You feel sick.
You mangle the yak!!
You kill the yak!
You feel sick.
You are no longer poisoned.
The yak gores you but does no damage.
The yak is burned by your cloak of flames.
The yak is moderately wounded.
Your life force feels restored.
You mangle the yak!!
The yak is almost dead.
The yak gores you!
You die...

#####
######....>
#$@....#
#.Y%...#
#......#
#...Y..#
#.####
#.Y....#
#..?..
#......#
#.###.
#.....(# #.
#.##.#.. #.
#. #.#.##
#y


You could see 3 yaks.

Vanquished Creatures
  Maurice (D:8)
  Sigmund (D:5)
  5 yaks
  A steam dragon (D:7)
  Menkaure (D:7)
  Edmund (D:5)
  Duvessa (D:5)
  An ice beast (D:7)
  An orc warrior (D:8)
  3 ogres
  A centaur (D:8)
  2 kobold brigands
  Blork the orc (D:5)
  5 bullfrogs
  3 scorpions
  5 wights (D:8)
  Dowan (D:5)
  5 killer bees (D:9)
  A vampire bat (D:4)
  4 howler monkeys
  2 jellies
  7 orc priests
  2 hounds
  Natasha (thrice) (D:4)
  3 iguanas
  6 orc wizards
  9 adders
  4 gnolls (D:4)
  3 white imps
  2 ufetubi
  A worm (D:2)
  3 dart slugs
  40 orcs
  7 endoplasms
  2 giant cockroaches
  15 goblins
  3 hobgoblins
  4 jackals (D:3)
  13 kobolds
  4 quokkas
  9 ball pythons
  11 bats
  6 frilled lizards
  6 rats
209 creatures vanquished.

Vanquished Creatures (others)
  28 plants (D:9)
28 creatures vanquished.

Grand Total: 237 creatures vanquished

Notes
Turn   | Place    | Note
-------+----------+-------------------------------------------
     0 | D:1      | qw the Troll Cinder Acolyte began the quest for the Orb.
     0 | D:1      | Reached XP level 1. HP: 22/22 MP: 1/1
     0 | D:1      | 0 ||| qw: Version: 0.1-a-95-gae9e614
     0 | D:1      | 0 ||| qw: Game counter: 4424
     0 | D:1      | 0 ||| qw: Always use a shield: true
     0 | D:1      | 0 ||| qw: God list: Okawaru
     0 | D:1      | 0 ||| qw: Allow faded altars: false
     0 | D:1      | 0 ||| qw: Do Orc after D:15 true
     0 | D:1      | 0 ||| qw: Do second Lair branch before Depths: true
     0 | D:1      | 0 ||| qw: Lair rune preference: random
     0 | D:1      | 0 ||| qw: Plans: Normal
     0 | D:1      | 0 ||| PLANNING D:1-11
    50 | D:1      | 50 ||| Stepping ~*~*~tactically~*~*~ (hiding).
   162 | D:1      | Reached XP level 2. HP: 29/29 MP: 2/2
   169 | D:1      | 169 ||| Stepping ~*~*~tactically~*~*~ (stealth).
   313 | D:1      | 313 ||| Stepping ~*~*~tactically~*~*~ (stealth).
   324 | D:1      | Reached skill level 4 in Unarmed Combat
   441 | D:1      | 441 ||| Stepping ~*~*~tactically~*~*~ (stealth).
   442 | D:1      | 442 ||| Stepping ~*~*~tactically~*~*~ (stealth).
   592 | D:1      | 592 ||| DROPPING ring of flight.
   593 | D:1      | 593 ||| READING scroll labelled VUOH WUKHLEUMN.
   594 | D:1      | 594 ||| READING scroll labelled SYHO DIRAHUARCHUN.
   595 | D:1      | 595 ||| READING scroll labelled ZAPSAB PILE.
   596 | D:1      | 596 ||| DRINKING 3 silvery potions.
   597 | D:1      | 597 ||| DRINKING 2 fuming blue potions.
   695 | D:2      | 695 ||| Stepping ~*~*~tactically~*~*~ (hiding).
   696 | D:2      | 696 ||| Stepping ~*~*~tactically~*~*~ (hiding).
   705 | D:2      | Reached XP level 3. HP: 36/36 MP: 3/3
   710 | D:2      | Found Lyucas's General Store.
   718 | D:2      | 718 ||| SHOPLISTING scroll of enchant weapon (82 gold, have
                  | 24).
   718 | D:2      | 718 ||| SHOPLISTING scroll of teleportation (33 gold, have
                  | 24).
   799 | D:2      | 799 ||| Stepping ~*~*~tactically~*~*~ (stealth).
   817 | D:2      | Found Peggule's Magic Scroll Emporium.
   843 | D:2      | 843 ||| SHOPLISTING scroll of brand weapon (133 gold, have
                  | 50).
   843 | D:2      | 843 ||| SHOPLISTING scroll of enchant armour (105 gold,
                  | have 50).
   843 | D:2      | 843 ||| BUYING scroll of identify (28 gold).
   843 | D:2      | Bought a scroll of identify for 28 gold pieces
   930 | D:2      | Found Vykk's General Store.
   951 | D:2      | 951 ||| Stepping ~*~*~tactically~*~*~ (stealth).
   954 | D:2      | 954 ||| Stepping ~*~*~tactically~*~*~ (stealth).
   957 | D:2      | 957 ||| SHOPLISTING scroll of enchant weapon (97 gold, have
                  | 29).
   957 | D:2      | 957 ||| SHOPLISTING scroll of teleportation (39 gold, have
                  | 29).
  1032 | D:2      | 1032 ||| Stepping ~*~*~tactically~*~*~ (stealth).
  1068 | D:2      | Found Jinwuc's Assorted Antiques.
  1077 | D:2      | 1077 ||| BUYING fizzy red potion (14 gold).
  1077 | D:2      | Bought a fizzy red potion for 14 gold pieces
  1077 | D:2      | 1077 ||| BUYING scroll labelled JOAXTO MACW (16 gold).
  1077 | D:2      | Bought a scroll labelled JOAXTO MACW for 16 gold pieces
  1077 | D:2      | 1077 ||| SHOPLISTING scroll of identify (32 gold, have 26).
  1158 | D:2      | Found Pimyloat's Jewellery Shoppe.
  1164 | D:2      | 1164 ||| SHOPLISTING ring "Ujuqius" {Fly rF- Str+2 Int+6
                  | Dex+4} (507 gold, have 26).
  1164 | D:2      | 1164 ||| SHOPLISTING ring of ice (250 gold, have 26).
  1164 | D:2      | 1164 ||| SHOPLISTING ring of protection from fire (250
                  | gold, have 26).
  1164 | D:2      | 1164 ||| SHOPLISTING ring of resist corrosion (200 gold,
                  | have 26).
  1222 | D:2      | Reached skill level 1 in Throwing
  1246 | D:2      | Reached XP level 4. HP: 44/44 MP: 4/4
  1280 | D:2      | Reached skill level 5 in Unarmed Combat
  1480 | D:2      | 1480 ||| UPGRADING to ring of positive energy.
  1481 | D:2      | 1481 ||| READING scroll labelled SOXAOL ORGHEE.
  1582 | D:2      | 1582 ||| READING scroll labelled TOASSE QEIFOUNT.
  1583 | D:2      | 1583 ||| READING scroll labelled EJI DIACUF.
  1588 | D:2      | 1588 ||| READING scroll labelled ANOPTASOWN.
  1589 | D:2      | 1589 ||| READING scroll labelled JOAXTO MACW.
  1590 | D:2      | 1590 ||| READING scroll labelled DUOCVAS ERHIAR.
  1591 | D:2      | 1591 ||| DRINKING 4 fizzy red potions.
  1592 | D:2      | 1592 ||| DRINKING 3 orange potions.
  1593 | D:2      | 1593 ||| DRINKING 2 fuming black potions.
  1594 | D:2      | 1594 ||| DROPPING potion of degeneration.
  1615 | D:3      | 1615 ||| STAIRDANCE
  1680 | D:3      | Noticed a bullfrog
  1683 | D:3      | Killed a bullfrog
  1684 | D:3      | Reached XP level 5. HP: 50/50 MP: 5/5
  1739 | D:3      | Found Roimoo's Antique Armour Shoppe.
  1756 | D:3      | 1756 ||| SHOPLISTING swamp dragon scales (1300 gold, have
                  | 67).
  1940 | D:3      | 1940 ||| Stepping ~*~*~tactically~*~*~ (stealth).
  2026 | D:3      | Reached skill level 6 in Unarmed Combat
  2229 | D:3      | Found a faded altar of an unknown god.
  2248 | D:3      | 2248 ||| READING scroll labelled SUAFRA ZEBAA.
  2297 | D:4      | Noticed Natasha
  2310 | D:4      | 2310 ||| INVOKING Fiery Armour.
  2314 | D:4      | HP: 10/50 [white imp/puff of frost[Natasha] (5)]
  2315 | D:4      | 2315 ||| DRINKING 2 potions of heal wounds.
  2316 | D:4      | Killed Natasha
  2409 | D:4      | Noticed Natasha
  2410 | D:4      | 2410 ||| Stepping ~*~*~tactically~*~*~ (stealth).
  2412 | D:4      | 2412 ||| Stepping ~*~*~tactically~*~*~ (hiding).
  2413 | D:4      | 2413 ||| Stepping ~*~*~tactically~*~*~ (hiding).
  2418 | D:4      | Killed Natasha
  2419 | D:4      | Reached XP level 6. HP: 59/59 MP: 6/6
  2514 | D:4      | Noticed Natasha
  2515 | D:4      | 2515 ||| Stepping ~*~*~tactically~*~*~ (stealth).
  2516 | D:4      | 2516 ||| Stepping ~*~*~tactically~*~*~ (stealth).
  2519 | D:4      | 2519 ||| Stepping ~*~*~tactically~*~*~ (hiding).
  2522 | D:4      | 2522 ||| Stepping ~*~*~tactically~*~*~ (hiding).
  2523 | D:4      | 2523 ||| Stepping ~*~*~tactically~*~*~ (hiding).
  2529 | D:4      | Killed Natasha
  2546 | D:4      | 2546 ||| Stepping ~*~*~tactically~*~*~ (outnumbered).
  2639 | D:4      | Found an ancient bone altar of Kikubaaqudgha.
  2654 | D:4      | 2654 ||| Stepping ~*~*~tactically~*~*~ (stealth).
  2678 | D:4      | 2678 ||| INVOKING Fiery Armour.
  2688 | D:4      | Reached skill level 7 in Unarmed Combat
  2962 | D:4      | 2962 ||| READING scroll labelled GAIMIS ZAH LENN.
  2963 | D:4      | 2963 ||| DRINKING 2 purple potions.
  3019 | D:4      | 3019 ||| DRINKING 2 viscous dark potions.
  3020 | D:4      | 3020 ||| READING 2 scrolls of identify.
  3020 | D:4      | 3020 ||| IDENTIFYING fizzy golden potion
  3021 | D:4      | 3021 ||| DROPPING potion of lignification.
  3022 | D:4      | 3022 ||| DROPPING potion of invisibility.
  3055 | D:5      | Entered Level 5 of the Dungeon
  3217 | D:5      | Noticed Duvessa
  3217 | D:5      | Noticed Dowan
  3218 | D:5      | 3218 ||| INVOKING Fiery Armour.
  3224 | D:5      | Killed Duvessa
  3225 | D:5      | Reached XP level 7. HP: 54/66 MP: 7/7
  3225 | D:5      | Killed Dowan
  3226 | D:5      | Reached skill level 8 in Unarmed Combat
  3345 | D:5      | 3345 ||| Stepping ~*~*~tactically~*~*~ (stealth).
  3347 | D:5      | 3347 ||| Stepping ~*~*~tactically~*~*~ (stealth).
  3350 | D:5      | 3350 ||| Stepping ~*~*~tactically~*~*~ (stealth).
  3354 | D:5      | 3354 ||| Stepping ~*~*~tactically~*~*~ (hiding).
  3357 | D:5      | 3357 ||| DRINKING 5 potions of curing.
  3357 | D:5      | 3357 ||| (to cure confusion)
  3488 | D:5      | 3488 ||| INVOKING Fiery Armour.
  3500 | D:5      | Reached skill level 3 in Fighting
  3590 | D:5      | Found a staircase to the Ecumenical Temple.
  3852 | D:5      | 3852 ||| Stepping ~*~*~tactically~*~*~ (stealth).
  3856 | D:5      | Reached skill level 3 in Throwing
  3865 | D:5      | Noticed Sigmund
  3866 | D:5      | 3866 ||| Stepping ~*~*~tactically~*~*~ (hiding).
  3867 | D:5      | 3867 ||| Stepping ~*~*~tactically~*~*~ (hiding).
  3868 | D:5      | 3868 ||| Stepping ~*~*~tactically~*~*~ (hiding).
  3870 | D:5      | 3870 ||| Stepping ~*~*~tactically~*~*~ (hiding).
  3878 | D:5      | Killed Sigmund
  3879 | D:5      | Reached XP level 8. HP: 59/75 MP: 8/8
  3956 | D:5      | Noticed Edmund
  3958 | D:5      | Noticed Blork the orc
  3959 | D:5      | 3959 ||| INVOKING Fiery Armour.
  3966 | D:5      | Killed Edmund
  3970 | D:5      | Killed Blork the orc
  3971 | D:5      | Reached skill level 9 in Unarmed Combat
  4137 | D:5      | 4137 ||| UPGRADING to +0 robe of cold resistance.
  4147 | D:5      | 4147 ||| DROPPING +0 robe.
  4148 | D:5      | 4148 ||| UPGRADING to amulet of reflection.
  4153 | D:5      | 4153 ||| DRINKING 2 bubbling red potions.
  4154 | D:5      | 4154 ||| READING 2 scrolls of identify.
  4154 | D:5      | 4154 ||| IDENTIFYING puce potion
  4155 | D:5      | 4155 ||| DROPPING potion of attraction.
  4156 | D:5      | 4156 ||| DROPPING potion of flight.
  4201 | D:6      | Reached skill level 1 in Dodging
  4269 | D:6      | 4269 ||| Stepping ~*~*~tactically~*~*~ (hiding).
  4270 | D:6      | 4270 ||| Stepping ~*~*~tactically~*~*~ (hiding).
  4275 | D:6      | 4275 ||| INVOKING Fiery Armour.
  4276 | D:6      | 4276 ||| Stepping ~*~*~tactically~*~*~ (outnumbered).
  4278 | D:6      | 4278 ||| Stepping ~*~*~tactically~*~*~ (outnumbered).
  4280 | D:6      | 4280 ||| FLEEEEING.
  4285 | D:6      | 4285 ||| Stepping ~*~*~tactically~*~*~ (outnumbered).
  4286 | D:6      | 4286 ||| Stepping ~*~*~tactically~*~*~ (outnumbered).
  4293 | D:6      | 4293 ||| FLEEEEING.
  4294 | D:6      | 4294 ||| FLEEEEING.
  4297 | D:6      | 4297 ||| FLEEEEING.
  4298 | D:6      | 4298 ||| FLEEEEING.
  4299 | D:6      | 4299 ||| STAIRDANCE
  4314 | D:5      | 4314 ||| READING 2 scrolls of identify.
  4314 | D:5      | 4314 ||| IDENTIFYING cyan potion
  4398 | D:6      | 4398 ||| Stepping ~*~*~tactically~*~*~ (outnumbered).
  4399 | D:6      | 4399 ||| Stepping ~*~*~tactically~*~*~ (outnumbered).
  4426 | D:6      | 4426 ||| Stepping ~*~*~tactically~*~*~ (hiding).
  4435 | D:6      | Reached skill level 10 in Unarmed Combat
  4551 | D:6      | Found a glowing golden altar of the Shining One.
  4720 | D:7      | 4720 ||| STAIRDANCE
  4742 | D:7      | 4742 ||| FLEEEEING.
  4743 | D:7      | 4743 ||| FLEEEEING.
  4744 | D:7      | 4744 ||| STAIRDANCE
  4776 | D:7      | 4776 ||| Stepping ~*~*~tactically~*~*~ (stealth).
  4785 | D:7      | 4785 ||| Stepping ~*~*~tactically~*~*~ (hiding).
  4786 | D:7      | 4786 ||| Stepping ~*~*~tactically~*~*~ (hiding).
  4787 | D:7      | 4787 ||| Stepping ~*~*~tactically~*~*~ (hiding).
  4788 | D:7      | 4788 ||| Stepping ~*~*~tactically~*~*~ (hiding).
  4789 | D:7      | 4789 ||| Stepping ~*~*~tactically~*~*~ (outnumbered).
  4796 | D:7      | Reached XP level 9. HP: 74/85 MP: 9/9
  4797 | D:7      | 4797 ||| FLEEEEING.
  4798 | D:7      | 4798 ||| FLEEEEING.
  4804 | D:7      | 4804 ||| Stepping ~*~*~tactically~*~*~ (hiding).
  4805 | D:7      | 4805 ||| Stepping ~*~*~tactically~*~*~ (stealth).
  4809 | D:7      | 4809 ||| Stepping ~*~*~tactically~*~*~ (stealth).
  4832 | D:7      | 4832 ||| Stepping ~*~*~tactically~*~*~ (stealth).
  4901 | D:7      | Found a sparkling altar of Nemelex Xobeh.
  5034 | D:7      | Found a shimmering blue altar of Sif Muna.
  5409 | D:7      | Noticed Menkaure
  5410 | D:7      | 5410 ||| Stepping ~*~*~tactically~*~*~ (hiding).
  5411 | D:7      | 5411 ||| Stepping ~*~*~tactically~*~*~ (hiding).
  5418 | D:7      | Killed Menkaure
  5419 | D:7      | Reached skill level 11 in Unarmed Combat
  5593 | D:7      | 5593 ||| UPGRADING to ring of resist corrosion.
  5594 | D:7      | 5594 ||| READING 3 scrolls of identify.
  5594 | D:7      | 5594 ||| IDENTIFYING sapphire potion
  5595 | D:7      | 5595 ||| DROPPING potion of berserk rage.
  5618 | D:8      | 5618 ||| INVOKING Fiery Armour.
  5620 | D:8      | 5620 ||| Stepping ~*~*~tactically~*~*~ (outnumbered).
  5624 | D:8      | 5624 ||| Stepping ~*~*~tactically~*~*~ (outnumbered).
  5625 | D:8      | 5625 ||| Stepping ~*~*~tactically~*~*~ (outnumbered).
  5626 | D:8      | 5626 ||| Stepping ~*~*~tactically~*~*~ (outnumbered).
  5627 | D:8      | 5627 ||| Stepping ~*~*~tactically~*~*~ (outnumbered).
  5791 | D:8      | 5791 ||| Stepping ~*~*~tactically~*~*~ (hiding).
  5801 | D:8      | 5801 ||| INVOKING Fiery Armour.
  5803 | D:8      | HP: 15/85 [orc warrior/+0 glaive (12)]
  5804 | D:8      | 5804 ||| READING 2 scrolls of teleportation.
  5805 | D:8      | 5805 ||| DRINKING 2 potions of heal wounds.
  5873 | D:8      | Found a sacrificial altar of Ru.
  5907 | D:8      | Found a blossoming altar of Fedhas.
  5937 | D:8      | Noticed Maurice
  5938 | D:8      | 5938 ||| Stepping ~*~*~tactically~*~*~ (hiding).
  5952 | D:8      | 5952 ||| DRINKING 6 potions of curing.
  5952 | D:8      | 5952 ||| (to cure confusion)
  5965 | D:8      | Killed Maurice
  5966 | D:8      | Reached skill level 12 in Unarmed Combat
  6179 | D:8      | 6179 ||| Stepping ~*~*~tactically~*~*~ (stealth).
  6180 | D:8      | 6180 ||| Stepping ~*~*~tactically~*~*~ (stealth).
  6189 | D:8      | 6189 ||| Stepping ~*~*~tactically~*~*~ (outnumbered).
  6292 | D:8      | 6292 ||| Stepping ~*~*~tactically~*~*~ (stealth).
  6293 | D:8      | 6293 ||| Stepping ~*~*~tactically~*~*~ (stealth).
  6299 | D:8      | 6299 ||| Stepping ~*~*~tactically~*~*~ (hiding).
  6303 | D:8      | 6303 ||| Stepping ~*~*~tactically~*~*~ (hiding).
  6309 | D:8      | 6309 ||| FLEEEEING.
  6310 | D:8      | 6310 ||| FLEEEEING.
  6311 | D:8      | 6311 ||| FLEEEEING.
  6319 | D:8      | 6319 ||| Stepping ~*~*~tactically~*~*~ (outnumbered).
  6320 | D:8      | 6320 ||| Stepping ~*~*~tactically~*~*~ (outnumbered).
  6321 | D:8      | 6321 ||| Stepping ~*~*~tactically~*~*~ (outnumbered).
  6322 | D:8      | 6322 ||| Stepping ~*~*~tactically~*~*~ (outnumbered).
  6324 | D:8      | 6324 ||| Stepping ~*~*~tactically~*~*~ (outnumbered).
  6723 | D:8      | Reached XP level 10. HP: 65/95 MP: 10/10
  6723 | D:8      | 6723 ||| FLEEEEING.
  6724 | D:8      | 6724 ||| FLEEEEING.
  6725 | D:8      | 6725 ||| FLEEEEING.
  6726 | D:8      | 6726 ||| FLEEEEING.
  6727 | D:8      | 6727 ||| FLEEEEING.
  6728 | D:8      | 6728 ||| FLEEEEING.
  6732 | D:8      | 6732 ||| FLEEEEING.
  6733 | D:8      | 6733 ||| FLEEEEING.
  6737 | D:8      | 6737 ||| FLEEEEING.
  6738 | D:8      | 6738 ||| FLEEEEING.
  6739 | D:8      | 6739 ||| FLEEEEING.
  6740 | D:8      | 6740 ||| FLEEEEING.
  6744 | D:8      | 6744 ||| Stepping ~*~*~tactically~*~*~ (hiding).
  6808 | D:8      | Found an opulent altar of Gozag.
  6811 | D:8      | Found a bloodstained altar of Trog.
  6881 | D:8      | 6881 ||| UPGRADING to +0 cloak.
  6886 | D:8      | 6886 ||| READING 4 scrolls of enchant armour.
  6886 | D:8      | 6886 ||| ENCHANTING +0 cloak.
  6887 | D:8      | 6887 ||| READING 3 scrolls of enchant armour.
  6887 | D:8      | 6887 ||| ENCHANTING +1 cloak.
  6888 | D:8      | 6888 ||| READING scroll labelled WOIHUDD PUHAH.
  6889 | D:8      | 6889 ||| READING scroll labelled OREDEY XITANU.
  6890 | D:8      | 6890 ||| READING 3 scrolls of identify.
  6890 | D:8      | 6890 ||| IDENTIFYING murky clear potion
  6891 | D:8      | 6891 ||| DROPPING potion of brilliance.
  6917 | D:9      | Found a basalt altar of Yredelemnul.
  6988 | D:9      | Paralysed by a hornet for 2 turns
  6994 | D:9      | 6994 ||| INVOKING Fiery Armour.
  6995 | D:9      | HP: 19/93 [hornet (10)]
  6996 | D:9      | 6996 ||| READING 2 scrolls of teleportation.
  6996 | D:9      | HP: 9/93 [hornet (2)]
  6997 | D:9      | 6997 ||| DRINKING potion of heal wounds.
  6997 | D:9      | Paralysed by a hornet for 3 turns
  7001 | D:9      | HP: 6/93 [poisoned by a hornet]
  7006 | D:9      | HP: 5/93 [poisoned by a hornet]
  7095 | D:9      | Found an ornate altar of the Wu Jian Council.
  7125 | D:9      | 7125 ||| Stepping ~*~*~tactically~*~*~ (hiding).
  7126 | D:9      | 7126 ||| Stepping ~*~*~tactically~*~*~ (hiding).
  7127 | D:9      | 7127 ||| Stepping ~*~*~tactically~*~*~ (hiding).
  7136 | D:9      | 7136 ||| INVOKING Fiery Armour.
  7140 | D:9      | HP: 22/95 [poisoned by a killer bee]
  7141 | D:9      | 7141 ||| READING scroll of teleportation.
  7145 | D:9      | HP: 11/95 [poisoned by a killer bee]
  7148 | D:9      | 7148 ||| Stepping ~*~*~tactically~*~*~ (outnumbered).
  7149 | D:9      | 7149 ||| Stepping ~*~*~tactically~*~*~ (outnumbered).
  7150 | D:9      | HP: 6/95 [poisoned by a killer bee]
  7151 | D:9      | Mangled by a yak

Levels and vault maps discovered:
D:1:      enne_arrival_octagon_isle, layout_loops_ring, minmay_crystal_water,
          hangedman_decor_growths
D:2:      layout_basic, serial_shops, shop, shop_fountains, shop,
          nicolae_shop_statue_plus, shop_fountains, minmay_snake_closets
D:3:      layout_loops_ring, serial_shops, nicolae_shop_overgrown_old_shop,
          hellmonk_ecumenical_altar_defaced_shrine
D:4:      layout_cave_pools, mainiacjoe_overflow_catwalk, serial_glass,
          glass_columns_a, glass_columns_a, glass_columns_c, glass_columns_b,
          glass_columns_a, glass_columns_b, roderic_batcave, uniq_natasha
D:5:      layout_loops_corners, minmay_temple_entry_sparse_star,
          minmay_splitting_lines, minmay_ogre_servants, uniq_duvessa,
          uniq_sigmund, uniq_blork_the_orc, uniq_edmund
D:6:      layout_cave_pools, nicolae_tso_swordbearing_angel
D:7:      layout_basic, nemelex_diamond_rough_becter,
          nicolae_sif_muna_little_library, uniq_menkaure
D:8:      layout_basic, minitemple, lemuel_tele_altar, uniq_maurice
D:9:      layout_loops_cross, mainiacjoe_overflow_catch_the_wave,
          david_lair_shrubbed, kb_rosetta

Skill      XL: |  1  2  3  4  5  6  7  8  9 |
---------------+----------------------------+-----
Unarmed Combat | 4 5 6 7 8 10 12 | 12.8
Throwing       | 1 2 3 5 |  5.2
Fighting       | 3 4 5 |  5.0
Dodging        | 1 |  1.1
Spellcasting   | |  1.0
Fire Magic     | |  2.1

Action                   |  1- 3 |  4- 6 |  7- 9 | 10-12 || total
-------------------------+-------+-------+-------+-------++-------
Melee: Unarmed           |    78 |   135 |   199 |    38 ||   450
       Punch             |       |     1 |     6 |     1 ||     8
Throw: Javelin           |     9 |    27 |     4 |       ||    40
       Large rock        |       |     4 |    33 |     5 ||    42
       Boomerang         |       |       |     4 |       ||     4
Invok: Fiery Armour      |       |     3 |     5 |     2 ||    10
  Use: Scroll            |     3 |     9 |     4 |     7 ||    23
       Potion            |     2 |     6 |     4 |     1 ||    13
Armor: Robe              |    21 |    51 |    53 |    21 ||   146
Dodge: Dodged            |    28 |    58 |    49 |    19 ||   154
Block: Other             |       |       |    25 |     7 ||    32
       Reflection        |       |       |     4 |       ||     4

Table legend:
 A = Non-vault XP
 B = Vault XP
 C = Vault XP percentage of total XP
 D = Non-vault monster count
 E = Vault monster count
 F = Vault count percentage of total count
                 A         B        C        D         E       F
            +---------+---------+-------+---------+---------+-------
      Total |    4845 |    1601 |  24.8 |     172 |      37 |  17.7
            +---------+---------+-------+---------+---------+-------
        D:1 |      35 |       0 |   0.0 |      20 |       0 |   0.0
        D:2 |      61 |      47 |  43.5 |      19 |       9 |  32.1
        D:3 |     128 |       9 |   6.6 |      18 |       3 |  14.3
        D:4 |     259 |     104 |  28.7 |      20 |       9 |  31.0
        D:5 |     315 |     820 |  72.2 |      12 |      14 |  53.8
        D:6 |     612 |       0 |   0.0 |      22 |       0 |   0.0
        D:7 |     898 |     172 |  16.1 |      20 |       1 |   4.8
        D:8 |    1976 |     449 |  18.5 |      33 |       1 |   2.9
        D:9 |     561 |       0 |   0.0 |       8 |       0 |   0.0
            +---------+---------+-------+---------+---------+-------
